 Dungeon Crawl Stone Soup version 0.29-a0-231-g945431f764 (webtiles) character file.

Game seed: 10418304479027867441

61 Aksej the Skirmisher (level 3, -1/29 HPs)
             Began as a Demonspawn Monk on Feb 28, 2022.
             Killed by divine providence
             ... invoked by an orc priest
              (11 damage)
             ... on level 2 of the Dungeon.
             The game lasted 00:03:48 (1395 turns).

Aksej the Skirmisher (Demonspawn Monk)              Turns: 1395, Time: 00:03:49

Health: -1/29      AC:  8    Str: 11    XL:     3   Next: 83%
Magic:  3/3        EV: 11    Int: 11    God:
Gold:   43         SH:  0    Dex: 17    Spells: 2/2 levels left

rFire   . . .      SeeInvis .   a - +0 mace
rCold   . . .      Faith    .   (no shield)
rNeg    . . .      Spirit   .   d - +0 scale mail
rPois   .          Reflect  .   h - +1 hat
rElec   .          Harm     .   c - +0 cloak
rCorr   .          Rampage  .   (no gloves)
Will    .....                   (no boots)
Stlth   +.........              (no amulet)
HPRegen 0.09/turn               (no ring)
MPRegen 0.08/turn               (no ring)

@: no status effects
A: powered by death 1, sturdy frame 1
a: no special abilities


You were on level 2 of the Dungeon.
You visited 1 branch of the dungeon, and saw 2 of its levels.

You collected 43 gold pieces.

Inventory:

Hand Weapons
 a - a +0 mace (weapon)
Armour
 c - a +0 cloak (worn)
 d - a +0 scale mail (worn)
 h - a +1 hat (worn)
Scrolls
 f - a scroll of immolation {unknown}
 g - a scroll of noise {unknown}
 j - a scroll of fear {unknown}
Potions
 b - a potion of lignification
 e - a potion of haste
 i - a potion of heal wounds {unknown}


   Skills:
 * Level 3.6 Fighting
 + Level 3.4 Maces & Flails
 + Level 0.8 Armour
 + Level 3.0 Dodging
 + Level 1.7 Stealth


You had 2 spell levels left.
You didn't know any spells.
Your spell library contained the following spells:

 Spells                   Type           Power      Damage    Failure   Level
 Gell's Gravitas          Tloc           0%         N/A       98%         3
 Teleport Other           Tloc           0%         N/A       98%         3
 Dispersal                Tloc           0%         N/A       100%        6


Dungeon Overview and Level Annotations

Branches:
Dungeon (2/15)

Altars:
Vehumet


Innate Abilities, Weirdness & Mutations

You regenerate a little health from kills.
Your movements are slightly less encumbered by armour. (ER -2)


Message History

You hit the goblin.
The goblin is moderately wounded.
The goblin hits you with a +0 club.
You barely miss the goblin.
The goblin is moderately wounded.
The goblin closely misses you. The goblin barely misses you.
You hit the goblin but do no damage.
The goblin is moderately wounded.
The goblin barely misses you.
You barely miss the goblin.
The goblin is moderately wounded.
The goblin barely misses you.
You sock the goblin!
You kill the goblin!
No target in view!
Things that are here:
a +0 club; a goblin corpse You now have 43 gold pieces (gained 8).
A kobold, a quokka and a goblin come into view.
The kobold shouts!
An orc comes into view. It is wielding a +0 short sword.
An orc comes into view. It is wielding a +0 short sword.
An orc comes into view. It is wielding a +0 dagger.
An orc priest comes into view. It is wielding a +0 club.
The orc shouts!
The orc priest shouts!
The orc hits you with a +0 short sword.
You closely miss the orc. The orc closely misses you.
The orc barely misses you.
You hit the orc.
The orc is heavily wounded.
The orc barely misses you.
You hit the orc.
The orc is heavily wounded.
The orc priest invokes the aid of Beogh against you.
Beogh smites you! The orc hits you with a +0 short sword.
You hit the orc.
You kill the orc!
The orc priest invokes the aid of Beogh against you.
Beogh smites you!
You die...

....... ############
#.....o.. #..........#
#........ #..........#
#........ #..........#
#....o.g. #..........#
#........
#..........##########........
................@)Kroo.......
#.....)....##########........
.............................
#..........######........##..
############ #........#
#........# #..........
#........### #........#


You could see an orc priest, an orc, a quokka and a kobold.

Vanquished Creatures
  2 adders (D:2)
  A dart slug (D:1)
  An orc (D:2)
  3 ball pythons (D:1)
  An endoplasm (D:2)
  A giant cockroach (D:1)
  2 goblins (D:2)
  2 hobgoblins
  7 jackals (D:1)
  4 quokkas (D:1)
  6 bats (D:1)
  2 frilled lizards (D:1)
  4 kobolds (D:1)
  4 rats (D:1)
40 creatures vanquished.

Notes
Turn   | Place    | Note
-------+----------+-------------------------------------------
     0 | D:1      | Aksej the Demonspawn Monk began the quest for the Orb.
     0 | D:1      | Reached XP level 1. HP: 18/18 MP: 1/1
    44 | D:1      | Gained mutation: Your movements are slightly less
                  | encumbered by armour. (ER -2) [demonic ancestry]
    44 | D:1      | Reached XP level 2. HP: 15/24 MP: 2/2
   870 | D:1      | Gained mutation: You regenerate a little health from kills.
                  | [demonic ancestry]
   870 | D:1      | Reached XP level 3. HP: 28/29 MP: 3/3
  1232 | D:2      | Found a radiant altar of Vehumet.
  1395 | D:2      | Killed from afar by an orc priest

Illustrated notes

Levels and vault maps discovered:
D:1:      minmay_arrival_semitransparent, layout_basic
D:2:      layout_basic, basic_altar, uniq_crazy_yiuf_cottage, uniq_natasha

Skill      XL: |  1  2 |
---------------+-------+-----
Maces & Flails | 3 |  3.4
Dodging        | 3 |  3.0
Fighting       | |  3.6
Armour         | |  0.8
Stealth        | |  1.7

Action                   || total
-------------------------++-------
Melee: Mace              ||   166
  Use: Scroll            ||     2
 Stab: Sleeping          ||     1
Armor: Robe              ||     1
       Scale mail        ||    85
Dodge: Dodged            ||   127

Table legend: (Time is in decaauts)
 A = Elapsed time spent in this place.
 B = Non-inter-level travel time spent in this place.
 C = Inter-level travel time spent in this place.
 D = Time resting spent in this place.
 E = Time spent auto-exploring this place.
 F = Levels seen in this place.
 G = Mean time per level.
                   A        B        C        D        E       F      G
               +--------+--------+--------+--------+--------+-----+--------+
         Total |   1435 |   1404 |     31 |      0 |   1034 |   2 |  717.5 |
       Dungeon |   1435 |   1404 |     31 |      0 |   1034 |   2 |  717.5 |
               +--------+--------+--------+--------+--------+-----+--------+

Top non-repeatable levels by time:
     D:1: 1176 daAuts
     D:2: 259 daAuts
